 Dungeon Crawl Stone Soup version 0.28-a0-834-g1a73be5ee4 (webtiles) character file.

Game seed: 6785044499643245472

501 Iepvzaeh the Chopper (level 6, -8/57 HPs)
             Began as a Minotaur Fighter on Nov 11, 2021.
             Mangled by a gnoll (12 damage)
             ... on level 4 of the Dungeon.
             The game lasted 00:07:10 (3339 turns).

Iepvzaeh the Chopper (Minotaur Fighter)             Turns: 3339, Time: 00:07:10

Health: -8/57      AC:  9    Str: 23    XL:     6   Next: 95%
Magic:  5/5        EV:  8    Int:  5    God:
Gold:   208        SH:  4    Dex:  9    Spells: 5/5 levels left

rFire   . . .      SeeInvis .   a - +0 war axe
rCold   . . .      Faith    .   c - +0 buckler
rNeg    . . .      Spirit   .   e - +0 chain mail
rPois   .          Reflect  .   (helmet restricted)
rElec   .          Harm     .   (no cloak)
rCorr   .          Rampage  .   (no gloves)
Will    .....                   (no boots)
Stlth   ..........              (no amulet)
HPRegen 0.19/turn               (no ring)
MPRegen 0.09/turn               (no ring)

@: no status effects
A: horns 2, retaliatory headbutt
a: no special abilities


You were on level 4 of the Dungeon.
You visited 1 branch of the dungeon, and saw 4 of its levels.

You collected 208 gold pieces.

Inventory:

Hand Weapons
 a - a +0 war axe (weapon)
Missiles
 g - 16 poisoned darts (quivered)
 k - 4 boomerangs
Armour
 b - a +0 scale mail
 c - a +0 buckler (worn)
 e - a +0 chain mail (worn)
Scrolls
 f - 2 scrolls of torment {unknown}
 h - 6 scrolls of identify {unknown}
 i - a scroll of magic mapping {unknown}
 l - a scroll of blinking {unknown}
Potions
 d - a potion of might
 j - 2 potions of brilliance {unknown}
 m - 4 potions of curing {unknown}
 n - a potion of ambrosia {unknown}


   Skills:
 + Level 5.8 Fighting
 + Level 6.1 Axes
 + Level 1.4 Throwing
 + Level 5.0 Armour
 + Level 0.4 Dodging
 + Level 0.1 Stealth
 + Level 4.3 Shields


You had 5 spell levels left.
You didn't know any spells.
Your spell library contained the following spells:

 Spells                   Type           Power      Damage    Failure   Level
 Apportation              Tloc           0%         N/A       98%         1
 Alistair's Intoxication  Tmut/Pois      0%         N/A       100%        5


Dungeon Overview and Level Annotations

Branches:
Dungeon (4/15)
 Temple: D:4-7

Altars:

Shops:
D:2 *

Annotations:
D:3 Grinder


Innate Abilities, Weirdness & Mutations

You have a pair of horns on your head.
You reflexively headbutt those who attack you in melee.


Message History

You kill the gnoll!
Your Axes skill increases to level 6!
You hit the gnoll.
The gnoll is severely wounded.
The gnoll hits you from afar with a +0 halberd. x2
You block the gnoll's attack.
You are too injured to fight recklessly!
You are too injured to fight recklessly!
You are too injured to fight recklessly!
Unknown command.
You barely miss the gnoll.
The gnoll is severely wounded.
The gnoll hits you from afar with a +0 halberd!
The gnoll barely misses you.
The gnoll hits you from afar with a +0 halberd.
* * * LOW HITPOINT WARNING * * *
You slash the gnoll!
You kill the gnoll!
The gnoll barely misses you.
The gnoll hits you from afar with a +0 halberd.
* * * LOW HITPOINT WARNING * * *
Things that are here:
a +0 mace; an iguana skeleton; an orc skeleton
Things that are here:
a +0 dagger; a +0 robe; an orc skeleton The gnoll barely misses you.
The gnoll barely misses you.
The gnoll hits you from afar with a +0 halberd.
* * * LOW HITPOINT WARNING * * *
You are too injured to fight recklessly!
You are no longer glowing.
The gnoll hits you with a +0 halberd!
* * * LOW HITPOINT WARNING * * *
You slash the gnoll!
The gnoll is almost dead.
The gnoll barely misses you. The gnoll closely misses you.
You barely miss the gnoll.
The gnoll is almost dead.
You block the gnoll's attack. The gnoll hits you with a +0 halberd!
You die...

.### #...# ...#
########(..#######
##.#
#.....g(......)).#
##.#
#.#.##)##.######.#
##.###.#.##.##)##
#.......#
............).).##
#######.[
...###.##.#.###..#
#### #.##.#.# ##g#
...# #......# #@##
.#.# ####.### #..#
#..# #.# ##.####
##.# #.# #....#
#..# ##.# ##...#
...# #..# #...#
...# #..# #...#
..## #..# #...#
..## ###.# #...#


You could see a gnoll (fast).

Vanquished Creatures
  A hound (D:4)
  3 jellies
  An orc priest (D:2)
  A gnoll shaman (D:4)
  An iguana (D:4)
  3 orc wizards
  4 gnolls (D:4)
  9 adders
  2 worms
  7 orcs
  7 ball pythons
  5 bats
  14 endoplasms
  3 giant cockroaches
  5 goblins
  9 hobgoblins
  9 jackals
  2 frilled lizards
  11 kobolds
  8 rats
105 creatures vanquished.

Vanquished Creatures (others)
  6 fungi (D:2)
  5 toadstools (D:2)
11 creatures vanquished.

Grand Total: 116 creatures vanquished

Notes
Turn   | Place    | Note
-------+----------+-------------------------------------------
     0 | D:1      | Iepvzaeh the Minotaur Fighter began the quest for the Orb.
     0 | D:1      | Reached XP level 1. HP: 19/19 MP: 0/0
   135 | D:1      | Reached XP level 2. HP: 22/27 MP: 1/1
   911 | D:2      | Reached XP level 3. HP: 30/33 MP: 2/2
  1217 | D:1      | Reached skill level 3 in Axes
  1332 | D:2      | Found Ganyvvou's General Store.
  1468 | D:2      | Reached XP level 4. HP: 41/41 MP: 3/3
  1469 | D:2      | Found a faded altar of an unknown god.
  1704 | D:2      | Reached skill level 4 in Axes
  1705 | D:2      | Reached skill level 1 in Throwing
  1705 | D:2      | Reached XP level 5. HP: 23/47 MP: 4/4
  2065 | D:3      | Noticed Grinder
  2114 | D:2      | Reached skill level 5 in Axes
  2435 | D:3      | Reached XP level 6. HP: 49/53 MP: 5/5
  2499 | D:3      | Paralysed by Grinder for 3 turns
  2628 | D:3      | Reached skill level 5 in Armour
  3062 | D:4      | Reached skill level 5 in Fighting
  3327 | D:4      | Reached skill level 6 in Axes
  3339 | D:4      | Mangled by a gnoll

Illustrated notes

Levels and vault maps discovered:
D:1:      dpeg_arrival_refuge, layout_basic, skrybe_limestone_x,
          minmay_misc_feat_enclosed, grunt_decor_fettered, minmay_misc_feat_x
D:2:      cheibrodos_fertilizer, layout_rooms,
          dreamdust_ecumenical_altar_angels_and_demons, serial_shops,
          nicolae_shop_temple_entry_statues_fountains, uniq_jessica
D:3:      layout_rooms, minmay_large_rounded_square, uniq_grinder
D:4:      layout_loops_cross, serial_co_window_serial,
          co_window_of_opportunity_a, co_window_corner_a, co_window_corner_a,
          co_window_paths_a, co_window_paths_a, co_window_broadway_b,
          co_window_broadway_a, co_window_paths_c, co_window_2corner,
          co_window_corner_b, co_window_paths_c, co_window_of_opportunity_c,
          glass_columns_a, kennysheep_generic_room_9

Skill      XL: |  1  2  3  4  5  6 |
---------------+-------------------+-----
Fighting       | 4 5 |  5.8
Armour         | 4 5 |  5.0
Shields        | 4 |  4.3
Axes           | 3 4 5 6 |  6.1
Throwing       | 1 |  1.4
Dodging        | |  0.4
Stealth        | |  0.1

Action                   |  1- 3 |  4- 6 || total
-------------------------+-------+-------++-------
Melee: War axe           |    77 |   141 ||   218
       Headbutt          |    11 |    23 ||    34
Throw: Dart              |     6 |    39 ||    45
Armor: Scale mail        |    24 |       ||    24
       Chain mail        |    50 |    83 ||   133
Dodge: Dodged            |    48 |    68 ||   116
Block: Buckler           |    19 |    38 ||    57

Table legend: (Time is in decaauts)
 A = Elapsed time spent in this place.
 B = Non-inter-level travel time spent in this place.
 C = Inter-level travel time spent in this place.
 D = Time resting spent in this place.
 E = Time spent auto-exploring this place.
 F = Levels seen in this place.
 G = Mean time per level.
                   A        B        C        D        E       F      G
               +--------+--------+--------+--------+--------+-----+--------+
         Total |   3412 |   3251 |    161 |    667 |   1686 |   4 |  853.0 |
       Dungeon |   3412 |   3251 |    161 |    667 |   1686 |   4 |  853.0 |
               +--------+--------+--------+--------+--------+-----+--------+

Top non-repeatable levels by time:
     D:1: 1379 daAuts
     D:2: 1098 daAuts
     D:4: 474 daAuts
     D:3: 459 daAuts
